 Dungeon Crawl Stone Soup version 0.27.1-33-g824d729ab1 (webtiles) character file.

Game seed: 12473493055167459863

3369 corgi the Carver (level 9, -2/82 HPs)
             Began as a Minotaur Berserker on Dec 7, 2021.
             Was an Elder of Trog.
             Killed by vampiric draining
             ... invoked by a vampire
              (9 damage)
             ... on level 7 of the Dungeon.
             The game lasted 00:14:34 (6319 turns).

corgi the Carver (Minotaur Berserker)               Turns: 6319, Time: 00:14:34

Health: -2/82      AC: 20    Str: 23    XL:     9   Next: 73%
Magic:  8/8        EV:  8    Int:  4    God:    Trog [****..]
Gold:   525        SH:  6    Dex: 12    Spells: 8/8 levels left

rFire    . . .     SeeInvis .   a - +1 falchion
rCold    . . .     Faith    .   g - +0 buckler
rNeg     . . .     Spirit   .   h - +0 plate armour
rPois    +         Reflect  .   (helmet restricted)
rElec    .         Harm     .   n - +1 cloak
rCorr    .         Rampage  .   (no gloves)
Will     .....                  (no boots)
Stlth    ..........             f - amulet of magic regeneration
HPRegen  0.23/turn              k - ring of poison resistance
MPRegen  0.36/turn              w - +4 ring of protection

@: on berserk cooldown, very slightly contaminated, invisible
A: horns 2, retaliatory headbutt
a: Renounce Religion, Berserk, Trog's Hand, Brothers in Arms


You were on level 7 of the Dungeon.
You worshipped Trog.
Trog was greatly pleased with you.
You visited 1 branch of the dungeon, and saw 7 of its levels.
You also visited: Ossuary.

You collected 525 gold pieces.

Inventory:

Hand Weapons
 a - a +1 falchion (weapon)
Missiles
 u - 4 silver boomerangs (quivered)
Armour
 g - a +0 buckler (worn)
 h - a +0 plate armour (worn)
 n - a +1 cloak (worn)
Jewellery
 f - an amulet of magic regeneration (around neck)
 i - a ring of ice
 k - a ring of poison resistance (left hand)
 p - a ring of flight
 q - a ring of ice
 w - a +4 ring of protection (right hand)
Wands
 r - a wand of iceblast (10)
Scrolls
 c - 3 scrolls of teleportation
 d - 11 scrolls of identify
 e - a scroll of immolation {unknown}
 j - a scroll of magic mapping {unknown}
 t - a scroll of vulnerability
Potions
 b - a potion of might
 l - a potion of heal wounds
 m - 2 potions of haste
 s - 2 potions of curing


   Skills:
 + Level 8.9 Fighting
 + Level 8.9 Long Blades
 + Level 8.2 Armour
 + Level 5.0 Dodging
 + Level 7.6 Shields


You had 8 spell levels left.
You didn't know any spells.
Your spell library was empty.

Dungeon Overview and Level Annotations

Branches:
Dungeon (7/15)             Temple (0/1) D:6         Ossuary (visited)

Altars:
Gozag
Kikubaaqudgha
Qazlal
Vehumet
Yredelemnul


Innate Abilities, Weirdness & Mutations

You have a pair of horns on your head.
You reflexively headbutt those who attack you in melee.


Message History

* * * LOW HITPOINT WARNING * * *
Something draws strength from your injuries!
You barely miss something. You headbutt something.
You hear some strange, mumbled words.
Something tries to affect you, but you resist.
You miss something. Something hits you but does no damage.
Something bites you but does no damage. Something hits you.
* * * LOW HITPOINT WARNING * * *
Something bites you!
* * * LOW HITPOINT WARNING * * *
Something draws strength from your injuries!
You hit something. You block something's attack. Something bites you.
* * * LOW HITPOINT WARNING * * *
Something draws strength from your injuries!
You hit something but do no damage.
You feel yourself speed up. Something hits you but does no damage.
Something bites you.
* * * LOW HITPOINT WARNING * * *
Something draws strength from your injuries!
You fade into invisibility!
You feel the effects of Trog's Hand fading.
Something hits you but does no damage. Something bites you.
* * * LOW HITPOINT WARNING * * *
Something draws strength from your injuries!
You are very lightly contaminated with residual magic.
You hit something but do no damage. Something hits you.
* * * LOW HITPOINT WARNING * * *
Something bites you but does no damage.
You completely miss something. You headbutt something. Something hits you.
* * * LOW HITPOINT WARNING * * *
Something bites you but does no damage.
You slash something! You headbutt something. You block something's attack.
Something bites you but does no damage.
You hit something. You block something's attack.
Something bites you but does no damage.
You closely miss something. Something hits you but does no damage.
Something bites you but does no damage.
You hit something. You headbutt something.
Your skin stops crawling.
You feel less strong-willed.
You die...

...#...#.##....#
....#..#.##....#
#....#...##....#
##...#...##....##
.##..#...##.....#
.##....#.##.....##
#.#....#.##......#
#.##...#.#######{#
...#...#..#### #@#
.#.##.................#
.#..#......######.###.#
###.##...#.# .#
#....#...# .# ..
..#####..# # ...
###...#..# ..>
....#.#..# ...#
#######..#


There were no monsters in sight!

Vanquished Creatures
  Grinder (D:6)
  Prince Ribbit (D:7)
  Sigmund (D:3)
  6 yaks (D:5)
  Menkaure (D:7)
  A water moccasin (D:7)
  2 black bears
  A sky beast (D:6)
  An ogre (D:6)
  2 necrophages
  A centaur (D:7)
  2 phantoms
  A kobold brigand (D:6)
  2 bullfrogs (D:7)
  A water moccasin skeleton (D:6)
  A howler monkey (D:5)
  2 bullfrog skeletons
  2 hounds
  2 jellies
  Crazy Yiuf (D:3)
  An orc priest (D:4)
  6 orc wizards
  An iguana (D:6)
  8 mummies (Ossuary)
  A howler monkey zombie (D:5)
  8 gnolls (D:6)
  10 adders
  A worm (D:1)
  4 dart slugs
  15 orcs
  9 ball pythons
  5 bats
  4 endoplasms
  2 giant cockroaches
  2 gnoll zombies (Ossuary)
  A goblin (D:3)
  4 hobgoblins
  2 jackals (D:1)
  15 kobolds
  3 quokkas (D:1)
  3 frilled lizards
  2 hobgoblin zombies (Ossuary)
  4 kobold zombies (Ossuary)
  7 rats
150 creatures vanquished.

Vanquished Creatures (others)
  A fungus (D:3)
  3 plants (D:2)
4 creatures vanquished.

Grand Total: 154 creatures vanquished

Notes
Turn   | Place    | Note
-------+----------+-------------------------------------------
     0 | D:1      | corgi the Minotaur Berserker began the quest for the Orb.
     0 | D:1      | Reached XP level 1. HP: 19/19 MP: 0/0
    21 | D:1      | Reached XP level 2. HP: 18/27 MP: 1/1
   360 | D:1      | Reached ** piety under Trog
   490 | D:1      | Reached XP level 3. HP: 23/33 MP: 2/2
  1009 | D:2      | Reached skill level 1 in Shields
  1097 | D:2      | Reached XP level 4. HP: 36/41 MP: 3/3
  1621 | D:3      | Found a radiant altar of Vehumet.
  1623 | D:3      | Noticed Sigmund
  1641 | D:3      | Killed Sigmund
  1642 | D:3      | Reached skill level 5 in Fighting
  1642 | D:3      | Reached skill level 5 in Long Blades
  1642 | D:3      | Reached XP level 5. HP: 48/48 MP: 4/4
  1642 | D:3      | Reached XP level 6. HP: 56/56 MP: 5/5
  2270 | D:3      | Found a runed translucent door.
  2271 | D:3      | Noticed Crazy Yiuf
  2276 | D:3      | Killed Crazy Yiuf
  2317 | D:4      | Reached *** piety under Trog
  2702 | D:4      | Found a sand-covered staircase.
  2715 | Ossuary  | Entered an ossuary
  2748 | Ossuary  | Reached XP level 7. HP: 62/62 MP: 6/6
  3508 | D:5      | Entered Level 5 of the Dungeon
  3519 | D:5      | Reached skill level 5 in Armour
  3915 | D:5      | Noticed a yak
  3916 | D:5      | Noticed a yak
  3916 | D:5      | Noticed a yak
  3916 | D:5      | Noticed a yak
  3916 | D:5      | Noticed a yak
  3918 | D:5      | Noticed a yak
  3925 | D:5      | Killed a yak
  3927 | D:5      | Killed a yak
  3928 | D:5      | Reached skill level 5 in Shields
  3928 | D:5      | Reached XP level 8. HP: 58/71 MP: 7/7
  4322 | D:6      | Reached **** piety under Trog
  4358 | D:6      | Found a staircase to the Ecumenical Temple.
  4608 | D:6      | Found a basalt altar of Yredelemnul.
  4611 | D:6      | Found a stormy altar of Qazlal.
  4614 | D:6      | Found an ancient bone altar of Kikubaaqudgha.
  4617 | D:6      | Found an opulent altar of Gozag.
  4694 | D:6      | Reached XP level 9. HP: 80/81 MP: 8/8
  4809 | D:6      | Noticed Grinder
  4825 | D:6      | Killed Grinder
  5926 | D:7      | Noticed Menkaure
  5927 | D:7      | Noticed Prince Ribbit
  5930 | D:7      | Killed Prince Ribbit
  5932 | D:7      | Killed Menkaure
  6206 | D:7      | Noticed a cyclops
  6207 | D:7      | Noticed a two-headed ogre
  6207 | D:7      | Noticed a boulder beetle
  6281 | D:7      | Reached skill level 5 in Dodging
  6315 | D:7      | HP: 4/82 [something (5)]
  6319 | D:7      | Killed from afar by a vampire

Illustrated notes

Levels and vault maps discovered:
D:1:      dpeg_arrival_brainrot, layout_rooms
D:2:      layout_basic, serial_forest, infiniplex_forest_end_2,
          infiniplex_forest_clump_small, infiniplex_forest_clump_diagonal,
          infiniplex_forest_clump_curved, infiniplex_forest_lined_3_way,
          infiniplex_forest_diagonal, infiniplex_forest_lined_room_2,
          infiniplex_forest_zigzag_2, minmay_misc_feat_iff,
          hangedman_decor_riveting
D:3:      layout_basic, nicolae_vehumet_radiance, serial_bayou,
          serial_bayou_shore_b, serial_bayou_pond_e, serial_bayou_crossing,
          serial_bayou_shore_a, minmay_pentomino_pile, uniq_sigmund,
          uniq_crazy_yiuf_cottage
D:4:      layout_rooms, lightli_ossuary_entry_decrepit_ruins
D:5:      layout_rooms
D:6:      layout_cave_pods, grunt_temple_overflow_cloverleaf,
          minmay_temple_entry_drinking_statues, uniq_grinder
D:7:      minmay_the_grid_triangle_9x9_recursive_2
          [minmay_the_grid_triangle_9x9_prize_center,
          minmay_the_grid_triangle_9x9_corrupted_corridor,
          minmay_the_grid_triangle_9x9_pentomino_pain,
          minmay_the_grid_triangle_9x9_steps], layout_basic,
          gammafunk_ghost_wrathful_warriors, uniq_prince_ribbit1, uniq_menkaure

Skill      XL: |  1  2  3  4  5  6  7  8  9 |
---------------+----------------------------+-----
Long Blades    | 4 5 6 8 |  8.9
Fighting       | 4 5 6 7 8 |  8.9
Shields        | 1 2 3 5 6 7 |  7.6
Armour         | 3 4 5 7 8 |  8.2
Dodging        | 3 5 |  5.0

Action                   |  1- 3 |  4- 6 |  7- 9 || total
-------------------------+-------+-------+-------++-------
Melee: Falchion          |    61 |   106 |   273 ||   440
       Headbutt          |    17 |    26 |    71 ||   114
Invok: Berserk           |     1 |     3 |     5 ||     9
       Trog's Hand       |       |       |     2 ||     2
  Use: Scroll            |       |     1 |     6 ||     7
       Potion            |       |       |    11 ||    11
Armor: Animal skin       |     4 |       |       ||     4
       Ring mail         |    13 |       |       ||    13
       Plate armour      |     7 |    73 |   160 ||   240
Dodge: Dodged            |    39 |    43 |    86 ||   168
Block: Buckler           |     6 |    22 |    66 ||    94
       Rpst.: Falchion   |    12 |    12 |    19 ||    43
